 Dungeon Crawl Stone Soup version 0.26.0-16-gc1dbca0489 (webtiles) character file.

Game seed: 13734860070776278199

375 Gauvater the Sneak (level 6, -9/40 HPs)
             Began as an Octopode Fire Elementalist on Jan 19, 2021.
             Mangled by an orc warrior
             ... wielding a +0 vampiric war axe
              (16 damage)
             ... on level 4 of the Dungeon on Jan 20, 2021.
             The game lasted 00:34:02 (4455 turns).

Gauvater the Sneak (Octopode Fire Elementalist)     Turns: 4455, Time: 00:34:03

Health: -9/40      AC:  1    Str:  9    XL:     6   Next: 72%
Magic:  0/10       EV: 14    Int: 18    God:
Gold:   241        SH:  0    Dex: 18    Spells: 10/11 levels left

rFire    . . .     SeeInvis .     - Unarmed
rCold    . . .     Faith    .   (no shield)
rNeg     . . .     Spirit   +   (helmet restricted)
rPois    .         Reflect  .   u - amulet of guardian spirit
rElec    .         Harm     .   g - ring of attention (curse)
rCorr    .         Rampage  .   m - +6 ring of dexterity
Will     .....                  (no ring)
Stlth    +++.......             (no ring)
HPRegen  0.13/turn              (no ring)
MPRegen  0.12/turn              (no ring)
                                (no ring)
                                (no ring)

@: mighty
A: almost no armour, stealthy swim, amphibious, 8 rings, constrict 8, camouflage
1, gelatinous body 1
a: no special abilities


You were on level 4 of the Dungeon.
You visited 1 branch of the dungeon, and saw 5 of its levels.
You also visited: Sewer.

You collected 241 gold pieces.

Inventory:

Hand Weapons
 p - a +0 dagger
Missiles
 a - 36 arrows
 o - 84 stones
 s - 12 poisoned darts
Jewellery
 g - a cursed ring of attention (left tentacle)
 m - a +6 ring of dexterity (right tentacle)
 u - an amulet of guardian spirit (around mantle)
Scrolls
 h - a scroll of fog
 l - a scroll of blinking
 n - a scroll of teleportation
 q - a scroll of brand weapon
 w - a scroll of enchant armour
Potions
 c - a potion of heal wounds {unknown}
 d - 2 potions of haste
 f - 2 potions of ambrosia {unknown}
 i - a potion of attraction {unknown}
 k - 3 potions of curing
 r - 2 potions of brilliance {unknown}
 v - a potion of lignification {unknown}
Miscellaneous
 t - a box of beasts (inert)


   Skills:
 * Level 2.3 Fighting
 + Level 2.8 Dodging
 + Level 4.8 Stealth
 + Level 2.3 Unarmed Combat
 * Level 3.2 Spellcasting
 + Level 2.2 Conjurations
 + Level 3.6 Fire Magic


You had 10 spell levels left.
You knew the following spells:

 Your Spells              Type           Power        Failure   Level
a - Foxfire               Conj/Fire      52%          4%          1

Your spell library contained the following spells:

 Spells                   Type           Power        Failure   Level
 Conjure Flame            Conj/Fire      13%          14%         3
 Inner Flame              Hex/Fire       9%           22%         3
 Sticky Flame             Conj/Fire      13%          43%         4
 Fireball                 Conj/Fire      6%           78%         5


Dungeon Overview and Level Annotations

Branches:
Dungeon (5/15)              Sewer (visited)
 Temple: D:4-7

Altars:
Ashenzari
Nemelex Xobeh
Qazlal
Wu Jian
The Shining One


Innate Abilities, Weirdness & Mutations

You cannot wear most types of armour.
You are very stealthy in the water. (Stealth+)
You are amphibious.
You can wear up to eight rings at the same time.
You can use your tentacles to constrict eight enemies at once.
Your skin changes colour to match your surroundings (Stealth+).
Your rubbery body absorbs attacks. (AC +1, EV +1)


Message History

As you read the scroll of blinking, it crumbles to dust.
Fire/throw which item? (* to show all) (? for menu, Esc to quit)
Throw: 13 darts (poison)
Press: ? - help, Shift-Dir - straight line, f - orc warrior
Aim: an orc warrior, wielding a +0 vampiric war axe and wearing a +0 plate armour (heavily wounded)
You throw a poisoned dart.
The poisoned dart closely misses the orc warrior.
Your larval oxfire beast breathes flames at the orc warrior.
The blast of flame hits the orc warrior!
Casting: Foxfire (safe; 4% risk of failure)
Confirm with . or Enter, or press ? or * to list all spells.
You conjure some foxfire!
Your larval oxfire beast hits the orc warrior but does no damage.
Your larval oxfire beast barely misses the orc warrior.
The foxfire hits the orc warrior but does no damage.
The orc warrior is almost dead.
The foxfire hits the orc warrior.
The orc warrior is almost dead.
The orc warrior hits you with a +0 vampiric war axe!
You die...

.# ## ..# #$# .
#.## .###
##...##...=
#####@#.#....#.
#...§o§........
###.###H#.#....#
.......(.†# .#
##.#####..#
.#####..####..#
........).....#
#########.#####.#
#####.........#
.#


You could see an orc warrior and a friendly larval oxfire beast (summoned,
catching breath).

Vanquished Creatures
  A water moccasin (Sewer)
  2 orc priests (D:3)
  A river rat (D:3)
  7 adders
  3 worms
  2 dart slugs
  A leopard gecko (D:3)
  5 orcs
  7 bats
  A giant cockroach (D:2)
  6 goblins
  8 hobgoblins
  10 jackals
  10 kobolds
  A quokka (D:3)
  A ball python (D:3)
  4 frilled lizards
  6 rats
76 creatures vanquished.

Vanquished Creatures (collateral kills)
  2 orc wizards (D:4)
  A frilled lizard (D:4)
3 creatures vanquished.

Vanquished Creatures (others)
  An orc wizard (D:4)
  97 foxfires
  53 plants (D:3)
151 creatures vanquished.

Grand Total: 230 creatures vanquished

Notes
Turn   | Place    | Note
-------+----------+-------------------------------------------
     0 | D:1      | Gauvater the Octopode Fire Elementalist began the quest for
                  | the Orb.
     0 | D:1      | Reached XP level 1. HP: 11/11 MP: 3/3
   338 | D:1      | Reached skill level 3 in Stealth
   338 | D:1      | Reached XP level 2. HP: 15/17 MP: 3/5
  1116 | D:1      | Reached skill level 1 in Fighting
  1176 | D:2      | Reached XP level 3. HP: 23/23 MP: 2/6
  1591 | D:2      | Found an ornate altar of the Wu Jian Council.
  2002 | D:2      | Found a broken altar of Ashenzari.
  2005 | D:2      | Found a sparkling altar of Nemelex Xobeh.
  2173 | D:3      | Reached skill level 4 in Stealth
  2198 | D:3      | Reached XP level 4. HP: 16/28 MP: 5/7
  2274 | D:3      | Found a glowing drain.
  2453 | Sewer    | Entered a sewer
  2594 | Sewer    | Noticed a water moccasin
  2602 | Sewer    | Killed a water moccasin
  2603 | Sewer    | Reached skill level 1 in Unarmed Combat
  2603 | Sewer    | Reached XP level 5. HP: 34/34 MP: 6/9
  2946 | D:3      | Found a glowing golden altar of the Shining One.
  2958 | D:3      | Reached XP level 6. HP: 39/39 MP: 7/10
  3833 | D:3      | Found a faded altar of an unknown god.
  4078 | D:3      | Found a stormy altar of Qazlal.
  4248 | D:4      | Noticed an orc warrior
  4280 | D:5      | Entered Level 5 of the Dungeon
  4455 | D:4      | Mangled by an orc warrior

Illustrated notes

Levels and vault maps discovered:
D:1:      dpeg_arrival_castle, layout_basic
D:2:      layout_rooms, nzn_wu_jian_contemplation,
          nicolae_overflow_hidden_temple, minmay_tree_intersection,
          chequers_serial_rivers_small_a, kennysheep_path_1
D:3:      layout_loops_corners, nicolae_qazlal_eye_of_the_storm,
          old_standard_altar, serial_bayou, serial_bayou_pond_b,
          serial_bayou_pond_e, serial_bayou_lagoon_a, serial_bayou_shore_b,
          portal_sewer_entry_b, chequers_ecumenical_altar_grove
D:4:      layout_loops_ring, grunt_dithmenos_smoke_and_mirrors, uniq_edmund
D:5:      layout_rooms, temple_statues, serial_corexii_hall,
          chequers_hall_statues_corner_a, chequers_hall_statues_wall_a,
          serial_shops, shop_fountains

Skill      XL: |  1  2  3  4  5  6 |
---------------+-------------------+-----
Stealth        | 3 4 |  4.8
Fighting       | 1 2 |  2.3
Unarmed Combat | 1 2 |  2.3
Spellcasting   | 3 |  3.2
Conjurations   | 2 |  2.2
Dodging        | |  2.8
Fire Magic     | |  3.6

Action                   |  1- 3 |  4- 6 || total
-------------------------+-------+-------++-------
Melee: Unarmed           |    79 |    75 ||   154
       Constrict         |    23 |    25 ||    48
       Tentacles         |    21 |    17 ||    38
Throw: Dart              |       |     5 ||     5
 Cast: Foxfire           |    31 |    36 ||    67
Evoke: Box of beasts     |       |     1 ||     1
  Use: Scroll            |     7 |     7 ||    14
       Potion            |       |     2 ||     2
 Stab: Sleeping          |     9 |     4 ||    13
Armor: Skin              |     7 |     4 ||    11
Dodge: Dodged            |    54 |    47 ||   101
